 Dungeon Crawl Stone Soup version 0.18-a0-960-g77c8fc5 (webtiles) character file.

46 M4edhros the Charlatan (level 3, -1/23 HPs)
             Began as an Octopode Artificer on Dec 31, 2015.
             Slain by a hound (5 damage)
             ... on level 4 of the Dungeon.
             The game lasted 00:00:56 (613 turns).

M4edhros the Charlatan (Octopode Artificer)          Turns: 613, Time: 00:00:56

Health: -1/23      AC:  1    Str: 10    XL:     3   Next: 66%
Magic:  5/5        EV: 13    Int: 15    God:
Gold:   31         SH:  0    Dex: 12    Spells: 0 memorised, 2 levels left

rFire  . . .     SeeInvis .     h - +0 hunting sling
rCold  . . .     Gourm    .     (no shield)
rNeg   . . .     Faith    .     (helmet restricted)
rPois  .         Spirit   .     (no amulet)
rElec  .         Dismiss  .     (no ring)
rCorr  .         Reflect  .     (no ring)
SustAt .         Harm     .     (no ring)
MR     .....                    (no ring)
Stlth  +++.......               (no ring)
                                (no ring)
                                (no ring)
                                (no ring)

@: not resistant to hostile enchantments, fairly stealthy
A: almost no armour, amphibious, 8 rings, constrict 8, camouflage 1, gelatinous
body 1
a: no special abilities


You were on level 4 of the Dungeon.
You were not hungry.

You visited 1 branch of the dungeon, and saw 3 of its levels.

You collected 31 gold pieces.

Inventory:

Hand Weapons
 a - a +0 short sword
 h - a +0 hunting sling (weapon)
Missiles
 e - 32 stones (quivered)
Wands
 b - a wand of flame (13/48)
 c - a wand of enslavement (15/24)
 d - a wand of random effects (14/48)
Scrolls
 g - 2 scrolls of identify {unknown}
 j - a scroll of noise {unknown}
Comestibles
 f - a bread ration
 i - a meat ration


   Skills:
 - Level 1.0 Fighting
 - Level 1.0 Short Blades
 * Level 0.8 Slings
 * Level 2.8 Dodging
 * Level 3.1 Stealth
 + Level 3.5 Evocations


You had 2 spell levels left.
You didn't know any spells.

Dungeon Overview and Level Annotations

Branches:
Dungeon (2/15)

Altars:
Zin


Innate Abilities, Weirdness & Mutations

You cannot wear most types of armour.
You are amphibious.
You can wear up to eight rings at the same time.
You can use your tentacles to constrict eight enemies at once.
Your skin changes colour to match your surroundings (Stealth).
Your rubbery body absorbs attacks (AC +1).


Message History

You barely miss the hound. You grab the hound. You squeeze the hound.
The hound is moderately wounded.
You constrict the hound. The hound barely misses you. The hound bites you.
Firing (i - inventory):
e - 33 stones (quivered)
Press: ? - help, Shift-Dir - straight line, f/p - hound
Aim: a hound (moderately wounded, constricted by you)
You shoot a stone. The stone hits the hound.
The hound is moderately wounded.
You constrict the hound. The hound bites you.
* * * LOW HITPOINT WARNING * * *
The hound barely misses you.
You are too injured to fight recklessly!
Evoke which item? (* to show all) (? for menu, Esc to quit)
Zapping:
b - a wand of flame (14/48)
Press: ? - help, Shift-Dir - straight line, f/p - hound
Aim: a hound (heavily wounded, constricted by you)
The puff of flame hits the hound.
The hound is almost dead.
This wand has 13 charges left.
You constrict the hound. The hound bites you.
You die...

#(# #.# #.# #.#
#.#### #.>.. #h.#
#@.# #..# #..# #.#
#..# #.# #..# #.#
#..# #.# #..# #.#
#..# #.# ########
#..###.####.......


You could see a hound.

Vanquished Creatures
  A centaur skeleton (D:4)
  An orc (D:4)
  3 giant cockroaches (D:1)
  3 goblins
  2 bats
  A giant newt (D:2)
  4 kobolds
15 creatures vanquished.

Notes
Turn   | Place    | Note
--------------------------------------------------------------
     0 | D:1      | M4edhros the Octopode Artificer began the quest for the Orb.
     0 | D:1      | Reached XP level 1. HP: 13/13 MP: 3/3
    83 | D:1      | Reached XP level 2. HP: 16/18 MP: 4/4
   345 | D:2      | Found a glowing silver altar of Zin.
   482 | D:2      | You fall through a shaft for 2 floors!
   491 | D:4      | Reached XP level 3. HP: 16/23 MP: 5/5
   565 | D:4      | Noticed a scorpion
   613 | D:4      | Slain by a hound

Vault maps used:
D:1:      scummos_arrival_simple_crosswalls
D:2:      lemuel_doored_altar, uniq_natasha
D:4:      minmay_temple_entry_trees, serial_shops, shop, uniq_grinder

Action                   || total
-------------------------++-------
Melee: Short sword       ||    18
       Hunting sling     ||     7
 Fire: Hunting sling     ||    28
Evoke: Wand              ||     3
 Stab: Sleeping          ||     2
